AoeStats
← Spivvery

Nomad

509091176Analyzed
2v2 RM · 8d ago on Sep 25, 2026· 28m 9s· 4 players
Game mode
Random Map
Map size
176×176
Population
200
Speed
Normal
Resources
Standard
Victory
Conquest
Starting age
Dark Age
Ending age
Imperial Age
RankedLock teamsTeams togetherTeam positionsShared explorationLock speedFull tech treeHidden civsTurbo modeCheats
Victory
Defeat
🇭🇰 Saxons · Hong Kong SAR China
997
+12
🇭🇰 Shu · Hong Kong SAR China
680
+24
🇹🇼 Turks · Taiwan
905
-19
🇦🇷 Goths · Argentina
863
-17
Hodor Noon
4:31 Loom
13:43 Feudal Age
14:13 Double-Bit Axe
16:52 Gold Mining
20:26 Castle Age
18:49 Stone Mining
19:44 Man-at-Arms
20:43 Forging
20:33 Scale Mail Armor
20:32 Fishing Lines
22:52 Stone Shaft Mining
22:46 Squires
clf730928
4:53 Loom
16:33 Feudal Age
17:53 Double-Bit Axe
18:32 Town Watch
21:57 Castle Age
20:06 Gold Mining
20:09 Stone Mining
20:38 Fishing Lines
26:48 Gold Shaft Mining
26:09 Gillnets
26:34 Medium Warships
28:16 Wheelbarrow
Spivvery
15:22 Feudal Age
16:11 Fishing Lines
16:31 Double-Bit Axe
18:48 Castle Age
18:05 Padded Archer Armor
17:55 Fletching
19:34 Loom
20:24 Wheelbarrow
19:49 Gillnets
19:30 Crossbowman
20:04 Gold Mining
20:27 Bow Saw
21:57 Thumb Ring
22:38 Bodkin Arrow
22:55 Town Watch
23:49 Leather Archer Armor
30:28 Imperial Age
松本一香
3:49 Loom
12:32 Feudal Age
13:58 Double-Bit Axe
15:10 Horse Collar
19:10 Castle Age
16:37 Man-at-Arms
17:49 Gold Mining
18:32 Forging
18:22 Scale Mail Armor
18:58 Scale Mail Armor
18:55 Arson
19:12 Long Swordsman
21:13 Iron Casting
20:53 Chain Mail Armor
20:49 Gambesons
21:05 Squires
22:12 Bow Saw
22:22 Chain Mail Armor
27:25 Heavy Plow
Connection lost

Rejoining the realm…

Still unreachable

The connection could not be restored.

Session expired

The server has moved on; the page needs a fresh start.